cohdb
Replays
Latest Replays
All Replays
Popular Replays
Top Player Replays
Match Explorer
How It Works
Community
CoH3 Stats
Reddit
Sign in to upload your games and track your stats! →
Sign in with Steam
Match 42725516
Unlisted
Match 42725516
Overview
Messages
Build Orders
End
Kradschützen Motorcycle Team
Selects Panzerjäger Kommand Battlegroup
Selects Mine Fields
Panzergrenadier Squad
Panzergrenadier Squad
Construct Light Support Kompanie
Panzergrenadier Squad
2.5-tonne Medical Truck
Fire Support Elements
Selects Defensive Positions
Panzerjäger Mechanized Group
Flakvierling Half-track
Construct Mechanized Kompanie
254 Reconnaissance Tractor
Marder III Tank Destroyer
Selects Butterfly Bomb Drop
Veteran Squad Leaders
BigTiddyLebron
kreumat
Chaos Lord
Sergeant Pugsley
0
0
Comments
sign in to comment!
No comments posted yet!